 Dungeon Crawl Stone Soup version 0.29-a0-289-g2178c42546 (webtiles) character file.

Game seed: 8486555168717833360

2946 inmateoo the Quickloader (level 9, 0/68 HPs)
             Began as a Demonspawn Hunter on Mar 18, 2022.
             Slain by a black bear (3 damage)
             ... on level 7 of the Dungeon.
             The game lasted 00:09:31 (6628 turns).

inmateoo the Quickloader (Demonspawn Hunter)        Turns: 6628, Time: 00:09:32

Health: 0/68       AC:  8    Str:  9 (11) XL:     9   Next: 51%
Magic:  0/9        EV: 18    Int: 10 (11) God:
Gold:   281        SH:  0    Dex: 15 (18) Spells: 8/8 levels left

rFire   + . .      SeeInvis .   i - +8 short sword of Punishment {drain, rElec rF+ Dex-3 Stlth+}
rCold   . . .      Faith    .   (no shield)
rNeg    . . .      Spirit   +   s - +1 leather armour {Will+}
rPois   +          Reflect  .   e - +1 helmet
rElec   +          Harm     .   (no cloak)
rCorr   .          Rampage  .   m - +0 pair of gloves
Will    +....                   (no boots)
Stlth   ++........              (no amulet)
HPRegen 0.21/turn               o - ring of poison resistance
MPRegen 0.22/turn               (no ring)

@: agile
A: powered by pain 1, magic shield, magic regeneration, sharp scales 1, demonic
touch 2
a: no special abilities


You were on level 7 of the Dungeon.
You visited 1 branch of the dungeon, and saw 9 of its levels.

You collected 391 gold pieces.
You spent 110 gold pieces at shops.

Inventory:

Hand Weapons
 a - a +1 hand crossbow of freezing
 i - the +8 short sword of Punishment (weapon) {drain, rElec rF+ Dex-3 Stlth+}
   (You found it on level 3 of the Dungeon)

   A truly terrible weapon, it drains the life of any living foe it strikes.
   Dex:       It affects your dexterity (-3).
   rF:        It protects you from fire.
   rElec:     It insulates you from electricity.
   Stlth:     It makes you more stealthy.
Armour
 e - a +1 helmet (worn)
 h - a +0 leather armour of cold resistance
 m - a +0 pair of gloves (worn)
 q - a +2 robe of willpower
 s - a +1 leather armour of willpower (worn)
Jewellery
 o - a ring of poison resistance (left hand)
Wands
 l - a wand of digging (9)
 r - a wand of flame (7)
 t - a wand of acid (2)
Scrolls
 c - a scroll of immolation
 g - a scroll of amnesia
 j - a scroll of enchant armour
Potions
 b - 2 potions of degeneration
 d - a potion of flight
 f - a potion of attraction {unknown}
 n - a potion of brilliance {unknown}
 p - a potion of might


   Skills:
 + Level 5.5 Fighting
 * Level 9.4 Crossbows
 + Level 4.6 Dodging
 - Level 0.8 Stealth
 + Level 5.3 Unarmed Combat


You had 8 spell levels left.
You didn't know any spells.
Your spell library contained the following spells:

 Spells                   Type           Power      Damage    Failure   Level
 Magic Dart               Conj           0%         1d3       47%         1
 Blink                    Tloc           0%         N/A       63%         2
 Call Imp                 Summ           0%         N/A       63%         2
 Call Canine Familiar     Summ           0%         N/A       85%         3
 Inner Flame              Hex/Fire       0%         N/A       85%         3
 Lesser Beckoning         Tloc           0%         N/A       85%         3
 Mephitic Cloud           Conj/Pois/Air  0%         N/A       85%         3
 Portal Projectile        Hex/Tloc       0%         N/A       85%         3
 Cause Fear               Hex            0%         N/A       99%         4
 Leda's Liquefaction      Hex/Erth       0%         N/A       99%         4
 Manifold Assault         Tloc           0%         N/A       100%        5
 Discord                  Hex            0%         N/A       100%        8


Dungeon Overview and Level Annotations

Branches:
Dungeon (9/15)
 Temple: D:4-7         Lair: D:8-11         Orc: D:9-12

Altars:
Ru
Yredelemnul
The Shining One

Shops:
D:1 [   D:5 !


Innate Abilities, Weirdness & Mutations

You sometimes gain a little power by taking damage.
When hurt, damage is shared between your health and your magic reserves.
You regenerate magic rapidly.
You are partially covered in razor-sharp scales. (AC +1, Slay +1)
Your touch may inflict irresistible damage on your foes.


Message History

Press: ? - help, Shift-Dir - straight line, f - black bear, p - cyclops
Aim: a black bear (79% to hit)
The bolt of acid hits the cyclops!
The acid corrodes the cyclops!
The cyclops is moderately wounded.
The bolt of acid misses the black bear.
Unknown command.
Okay, then.
You puncture the cyclops!
The cyclops is heavily wounded.
The cyclops hits you!
* * * LOW HITPOINT WARNING * * *
Aiming: Corrosive Bolt
Press: ? - help, Shift-Dir - straight line, f - black bear, p - cyclops
Aim: a black bear (79% to hit)
The bolt of acid hits the cyclops!!
The cyclops seems to be corroded for longer.
The cyclops is almost dead.
The bolt of acid hits the black bear!
The black bear is moderately wounded.
The cyclops hits you!!
* * * LOW HITPOINT WARNING * * *
Unknown command.
Aiming: Corrosive Bolt
Press: ? - help, Shift-Dir - straight line The bolt of acid hits the cyclops!
The cyclops seems to be corroded for longer.
You kill the cyclops!
Unknown command.
Aiming: Corrosive Bolt
Press: ? - help, Shift-Dir - straight line The bolt of acid misses the black bear.
The black bear barely misses you.
The black bear claws you but does no damage.
The black bear closely misses you.
Unknown command.
It was a potion of degeneration.
There was something very wrong with that liquid.
You feel weakened.
You feel dopey.
You feel clumsy. The black bear barely misses you.
The black bear closely misses you. The black bear claws you.
You die...

#...###...# #....##.
#...# # ....# #....#
#...#..###.### #
.⌠.## ##.⌠.+
#...#....#..# # ...
#...# ##...#.##.#.##
#+# #+##
.......##.#.# ..
#....##...## .o.
#....#.....### #{z.
#...).........#
....#@†...........#
#.h##.............
#...............###
.....................
.......?.............
.....<...............
....................
(............)...
................


You could see a black bear.

Vanquished Creatures
  A two-headed ogre (D:7)
  A cyclops (D:7)
  Sigmund (D:4)
  Eustachio (D:6)
  2 sky beasts
  A black bear (D:4)
  2 centaurs
  A kobold brigand (D:9)
  A bullfrog (D:7)
  3 wights (D:7)
  2 howler monkeys
  6 hounds
  4 orc priests (D:7)
  2 gnoll shamans
  A jelly (D:5)
  An iguana (D:5)
  3 orc wizards
  20 gnolls
  10 adders
  A shadow imp (D:7)
  3 white imps
  A worm (D:3)
  4 dart slugs
  10 orcs
  4 bats
  9 endoplasms
  A giant cockroach (D:2)
  7 hobgoblins
  10 jackals
  2 quokkas
  8 ball pythons
  A frilled lizard (D:1)
  6 goblins
  12 kobolds
  4 rats
146 creatures vanquished.

Vanquished Creatures (others)
  A jelly (D:8)
  A shadow imp (D:8)
2 creatures vanquished.

Grand Total: 148 creatures vanquished

Notes
Turn   | Place    | Note
-------+----------+-------------------------------------------
     0 | D:1      | inmateoo the Demonspawn Hunter began the quest for the Orb.
     0 | D:1      | Reached XP level 1. HP: 16/16 MP: 1/1
   135 | D:1      | Gained mutation: You regenerate magic rapidly. [demonic
                  | ancestry]
   135 | D:1      | Reached XP level 2. HP: 22/22 MP: 2/2
   160 | D:1      | Reached skill level 4 in Crossbows
   384 | D:1      | Found Haufafuh's Armour Shop.
   629 | D:1      | Gained mutation: You sometimes gain a little power by
                  | taking damage. [demonic ancestry]
   629 | D:1      | Reached XP level 3. HP: 26/28 MP: 3/3
   912 | D:2      | Gained mutation: Your touch may inflict minor irresistible
                  | damage on your foes. [demonic ancestry]
   912 | D:2      | Reached XP level 4. HP: 26/34 MP: 4/4
  1312 | D:2      | Found a sacrificial altar of Ru.
  2013 | D:3      | Identified the +8 short sword of Punishment {drain, rElec
                  | rF+ Dex-3 Stlth+}
  2032 | D:3      | Reached XP level 5. HP: 41/41 MP: 5/5
  2421 | D:3      | Reached skill level 5 in Crossbows
  2421 | D:3      | Reached skill level 1 in Unarmed Combat
  2588 | D:4      | Gained mutation: You are partially covered in razor-sharp
                  | scales. (AC +1, Slay +1) [demonic ancestry]
  2588 | D:4      | Reached XP level 6. HP: 5/47 MP: 6/6
  3104 | D:4      | Noticed Sigmund
  3124 | D:4      | Killed Sigmund
  3125 | D:4      | Reached skill level 6 in Crossbows
  3125 | D:4      | Gained mutation: Your touch may inflict irresistible damage
                  | on your foes. [demonic ancestry]
  3125 | D:4      | Reached XP level 7. HP: 16/54 MP: 7/7
  3640 | D:5      | Entered Level 5 of the Dungeon
  3658 | D:5      | Identified a scroll of acquirement
  3658 | D:5      | Acquired a ring of poison resistance
  3829 | D:5      | Found Ymuepp's Distillery.
  3834 | D:5      | Bought 2 potions of curing for 66 gold pieces
  3834 | D:5      | Bought a potion of might for 44 gold pieces
  4433 | D:5      | Noticed an angel
  4457 | D:5      | Reached skill level 7 in Crossbows
  4582 | D:5      | Found a basalt altar of Yredelemnul.
  4634 | D:5      | Gained mutation: When hurt, damage is shared between your
                  | health and your magic reserves. [demonic ancestry]
  4634 | D:5      | Reached XP level 8. HP: 60/60 MP: 8/8
  5046 | D:6      | Noticed Eustachio
  5130 | D:6      | Killed Eustachio
  5233 | D:5      | Reached skill level 8 in Crossbows
  5325 | D:6      | You fall into a shaft and drop 3 floors!
  5890 | D:7      | Noticed a two-headed ogre
  5902 | D:7      | Killed a two-headed ogre
  5903 | D:7      | Reached XP level 9. HP: 26/67 MP: 9/9
  6149 | D:6      | Reached skill level 5 in Fighting
  6293 | D:6      | Reached skill level 9 in Crossbows
  6586 | D:7      | Reached skill level 5 in Unarmed Combat
  6613 | D:7      | Noticed a cyclops
  6625 | D:7      | HP: 3/68 [cyclops (17)]
  6626 | D:7      | Killed a cyclops
  6628 | D:7      | Slain by a black bear

Illustrated notes

Levels and vault maps discovered:
D:1:      minmay_arrival_hallway, layout_basic, serial_shops,
          nicolae_shop_crystal, minmay_misc_feat_four_crosses
D:2:      minmay_diamond_boxcup, layout_basic, basic_altar
D:3:      layout_basic, corexii_hall_statues_deadend
D:4:      layout_loops_cross, uniq_sigmund
D:5:      layout_basic, grunt_temple_overflow_holy_war, serial_shops, shop
D:6:      layout_cave_pools, uniq_eustachio
D:7:      layout_layer_cave, grunt_qazlal_clouds, nzn_hepliaklqana_mist_gate,
          gammafunk_temple_overflow_wave, minmay_temple_entry_junction,
          grunt_ministairs_13
D:8:      cheibrodos_fzero, layout_cave_pools, nicolae_dithmenos_the_darkroom,
          serial_bayou_pond_c
D:9:      kennysheep_blocky_room, layout_long_grid,
          mainiacjoe_overflow_cross_hatched, minitemple, jiyva_altar_1

Skill      XL: |  1  2  3  4  5  6  7  8  9 |
---------------+----------------------------+-----
Crossbows      | 4 5 6 7 8 9 |  9.4
Dodging        | 2 3 4 |  4.6
Fighting       | 3 4 5 |  5.5
Unarmed Combat | 1 2 3 4 5 |  5.3
Stealth        | |  0.8

Action                   |  1- 3 |  4- 6 |  7- 9 || total
-------------------------+-------+-------+-------++-------
Melee: Short sword       |       |     5 |    49 ||    54
       Touch             |       |     1 |     9 ||    10
       Punch             |       |       |     1 ||     1
 Fire: Hand crossbow     |    72 |   158 |   184 ||   414
Throw: Throwing net      |       |       |     5 ||     5
Evoke: Wand              |       |       |     4 ||     4
  Use: Scroll            |     2 |     2 |     5 ||     9
       Potion            |       |       |     6 ||     6
 Stab: Held in net/web   |       |       |     2 ||     2
Armor: Ring mail         |    21 |    31 |    39 ||    91
       Leather armour    |     1 |       |    28 ||    29
Dodge: Dodged            |    27 |    52 |   148 ||   227

Table legend: (Time is in decaauts)
 A = Elapsed time spent in this place.
 B = Non-inter-level travel time spent in this place.
 C = Inter-level travel time spent in this place.
 D = Time resting spent in this place.
 E = Time spent auto-exploring this place.
 F = Levels seen in this place.
 G = Mean time per level.
                   A        B        C        D        E       F      G
               +--------+--------+--------+--------+--------+-----+--------+
         Total |   6772 |   6546 |    226 |   1511 |   3841 |   9 |  752.4 |
       Dungeon |   6772 |   6546 |    226 |   1511 |   3841 |   9 |  752.4 |
               +--------+--------+--------+--------+--------+-----+--------+

Top non-repeatable levels by time:
     D:5: 1565 daAuts
     D:2: 1036 daAuts
     D:4: 911 daAuts
     D:1: 901 daAuts
     D:3: 885 daAuts
     D:7: 664 daAuts
     D:6: 520 daAuts
     D:9: 214 daAuts
     D:8: 73 daAuts
